 Dungeon Crawl Stone Soup version 0.28-a0-1624-g820543e53a (webtiles) character file.

Game seed: 14219566734210677878

365063 Crownlay the Slayer (level 21, 0/217 HPs)
             Began as a Minotaur Berserker on Jan 23, 2022.
             Was a High Priest of Trog.
             Slain by a frost giant (1 damage)
             ... while paralysed by a floating eye
             ... on level 3 of the Depths.
             The game lasted 01:57:21 (51203 turns).

Crownlay the Slayer (Minotaur Berserker)           Turns: 51203, Time: 01:57:21

Health: 0/217      AC: 36    Str: 31      XL:     21   Next: 57%
Magic:  1/30       EV:  2    Int: 17      God:    Trog [*****.]
Gold:   4170       SH:  0    Dex:  8 (9)  Spells: 20/20 levels left

rFire   + . .      SeeInvis +   z - +8 trident "Sowkacoa" {speed, rPois rN+ Dex-2}
rCold   + + .      Faith    .   D - +3 warlock's mirror {reflect}
rNeg    + . .      Spirit   .   I - +0 gold dragon scales
rPois   +          Reflect  +   w - +3 hat of Pondering {ponderous, Will+ MP+10 Int+5}
rElec   .          Harm     .   C - +2 cloak {rPois}
rCorr   .          Rampage  .   s - +1 pair of gloves "Dishiluh" {rC+ Will+ Dex+2}
Will    +++++                   g - +2 pair of boots
Stlth   ..........              M - amulet of the acrobat
HPRegen 1.46/turn               p - ring of Perfectionism {rPois Will+ Int+8 Dex-3 Slay+4}
MPRegen 0.22/turn               n - ring of see invisible

@: paralysed, flayed, strong-willed, on berserk cooldown, regenerating, slowed,
slow
A: horns 2, retaliatory headbutt
}: 2/15 runes: decaying, serpentine
a: Renounce Religion, Berserk, Trog's Hand, Brothers in Arms


You were on level 3 of the Depths.
You worshipped Trog.
Trog was extremely pleased with you.
You visited 7 branches of the dungeon, and saw 38 of its levels.
You also visited: Ossuary, Gauntlet and Ice Cave.

You collected 4170 gold pieces.

Inventory:

Hand Weapons
 d - the +10 demon blade of Dust {drain, Will+ MP+9 Dex+4}
   (You found it on level 12 of the Dungeon)

   A truly terrible weapon, it drains the life of any living foe it strikes.
   Dex:       It affects your dexterity (+4).
   MP:        It affects your magic capacity (+9).
   Will:      It increases your willpower.
 z - the +8 trident "Sowkacoa" (weapon) {speed, rPois rN+ Dex-2}
   (You took it off a spriggan rider on level 13 of the Dungeon)

   Attacks with this weapon are significantly faster.
   Dex:       It affects your dexterity (-2).
   rPois:     It protects you from poison.
   rN:        It protects you from negative energy.
Missiles
 f - a silver javelin
 t - 3 boomerangs of dispersal (quivered)
 O - 3 throwing nets
 V - 10 curare-tipped darts
Armour
 g - a +2 pair of boots (worn)
 s - the +1 pair of gloves "Dishiluh" (worn) {rC+ Will+ Dex+2}
   (You acquired it on level 6 of the Dungeon)

   Dex:       It affects your dexterity (+2).
   rC:        It protects you from cold.
   Will:      It increases your willpower.
 w - the +3 hat of Pondering (worn) {ponderous, Will+ MP+10 Int+5}
   (You took it off Gastronok on level 2 of the Lair of Beasts)

   Int:       It affects your intelligence (+5).
   MP:        It affects your magic capacity (+10).
   Will:      It increases your willpower.
 C - a +2 cloak of poison resistance (worn)
 D - the +3 warlock's mirror (worn) {reflect}
   (You acquired it on level 6 of the Dungeon)

   It can block and reflect piercing ranged attacks and magical attacks against
   the wielder's willpower.
 I - +0 gold dragon scales (worn)
 P - the +1 chain mail of the Wasteland {-Tele rN++}
   (You found it on level 3 of the Vaults)

   rN:        It greatly protects you from negative energy.
   -Tele:     It prevents most forms of teleportation.
Jewellery
 n - a ring of see invisible (right hand)
 p - the ring of Perfectionism (left hand) {rPois Will+ Int+8 Dex-3 Slay+4}
   (You found it in a Gauntlet)

   [ring of willpower]

   Int:       It affects your intelligence (+8).
   Dex:       It affects your dexterity (-3).
   Slay:      It affects your accuracy & damage with ranged weapons and melee
   (+4).
   rPois:     It protects you from poison.
   Will:      It increases your willpower.
 H - a +4 ring of slaying
 M - an amulet of the acrobat (around neck)
 Z - the ring of Wafag {rCorr Str+5}
   (You found it in a Gauntlet)

   [ring of resist corrosion]

   Str:       It affects your strength (+5).
   rCorr:     It protects you from acid and corrosion.
Wands
 l - a wand of mindburst (38)
 m - a wand of digging (36)
 q - a wand of iceblast (25)
 u - a wand of flame (63)
 E - a wand of acid (16)
 J - a wand of polymorph (29)
 K - a wand of paralysis (50)
 R - a wand of charming (11)
Scrolls
 e - 4 scrolls of enchant weapon
 j - 5 scrolls of fog
 k - 2 scrolls of silence
 o - a scroll of magic mapping
 v - 12 scrolls of teleportation
 y - 10 scrolls of fear
 B - a scroll of holy word
 F - 2 scrolls of blinking
 N - 2 scrolls of summoning
 Q - 16 scrolls of identify
Potions
 a - 3 potions of berserk rage
 b - 10 potions of curing
 c - 7 potions of heal wounds
 h - 10 potions of mutation
 i - 3 potions of magic
 r - 5 potions of ambrosia
 x - 3 potions of haste
 A - 5 potions of might
 G - 7 potions of flight
 L - 5 potions of invisibility
 W - a potion of cancellation
Miscellaneous
 T - a phantom mirror
 Y - a condenser vane


   Skills:
 - Level 25.0 Fighting
 - Level 14.0 Long Blades
 + Level 19.1 Polearms
 - Level 15.0 Throwing
 - Level 20.0 Armour
 + Level 13.8 Dodging
 - Level 15.0 Shields
 - Level 10.0 Evocations


You had 20 spell levels left.
You didn't know any spells.
Your spell library was empty.

Dungeon Overview and Level Annotations

Branches:
Dungeon (15/15)            Temple (0/1) D:5            Lair (6/6) D:11
  Swamp (4/4) Lair:2        Snake (4/4) Lair:3        Slime (0/5) Lair:5
    Orc (2/2) D:10            Elf (0/3) Orc:2        Vaults (4/5) D:13
  Crypt (0/3) Vaults:2     Depths (2/4) D:15        Ossuary (visited)
  IceCv (visited)         Gauntlet (visited)

Altars:
Ashenzari
Hepliaklqana
Kikubaaqudgha
Nemelex Xobeh
Okawaru
Sif Muna
Trog
Uskayaw
Yredelemnul
Jiyva
Lugonu

Shops:
Orc:2 [(=*(   Vaults:1 *=   Vaults:4 (   Depths:1 *((

Portals:
Hell: Depths:1 Depths:2 Depths:3
Abyss: Swamp:4 Depths:1
Pandemonium: Depths:1

Annotations:
Depths:2 2 transporters


Innate Abilities, Weirdness & Mutations

You have a pair of horns on your head.
You reflexively headbutt those who attack you in melee.


Message History

* * * LOW HITPOINT WARNING * * *
The lich barely misses you.
You closely miss the lich.
The lich is almost destroyed.
The sentinel's mark upon you fades away.
The swamp dragon changes into a floating eye!
The snapping turtle changes into a moth of wrath!
The flayed ghost stares at you with tortured malice.
Terrible wounds open up all over your body!
* * * LOW HITPOINT WARNING * * *
The frost giant hits you with a +0 battleaxe of freezing!
* * * LOW HITPOINT WARNING * * *
You puncture the lich!
You destroy the lich!
Trog accepts your kill.
Trog appreciates your killing of a magic user.
A brown ugly thing comes into view.
You perforate the moth of wrath like a sieve!!!
Your headbutt misses the moth of wrath.
The moth of wrath is severely wounded.
You block the tengu reaver's attack.
The tengu reaver pecks you but does no damage.
The tengu reaver claws you but does no damage.
The floating eye gazes piercingly through you!
You suddenly lose the ability to move!
You are no longer berserk.
You feel yourself slow down.
The fire giant hits you with a +2 great sword of flaming!
* * * LOW HITPOINT WARNING * * *
The fire giant burns you.
* * * LOW HITPOINT WARNING * * *
A spriggan rider comes into view.
It is wielding a +0 spear and quivering curare-tipped darts.
The flayed ghost cries, "Feel what I felt!"
Terrible wounds spread across more of your body!
* * * LOW HITPOINT WARNING * * *
The moth of wrath completely misses you.
The frost giant hits you with a +0 battleaxe of freezing!!
* * * LOW HITPOINT WARNING * * *
The frost giant freezes you.
You die...

#.....$...#.#
#.........#i
#.........D
.....$...#
#....CiG#
#......##
#.W....##
#CCC...##
#@y.....###
## #GQ....##.
.#
...#.....##.
.#
..#.....##.
.##
##..##.W#.#
#.#
........#.#
#.#
....^###...#
#.. ..#..
#u#.# #.# ##
#.#.# #.#


You could see 3 frost giants, a fire giant, an ice dragon, a tengu reaver, a
brown ugly thing, a spriggan rider, 2 flayed ghosts, a spriggan berserker, a
moth of wrath shaped shifter, a floating eye and a floating eye shaped shifter.

Vanquished Creatures
  A juggernaut (Depths:2)
  Vashnia (Snake:3)
  A golden dragon (Depths:2)
  Nikola (Vaults:2)
  Mlioglotl (Snake:2)
  A tentacled monstrosity (Depths:2)
  A lich (Depths:3)
  An ancient champion (Vaults:2)
  Gastronok (Lair:2)
  2 sphinxes
  Kirke (D:14)
  A fire giant (Depths:2)
  Roxanne (Snake:4)
  A tengu reaver (Vaults:2)
  A nagaraja (Snake:4)
  2 frost giants
  Aizul (Snake:4)
  The ghost of wakim the Grappler, a journeyman TrFi of Qazlal (Orc:2)
  2 orc warlords (Orc:2)
  Louise (Depths:3)
  A ghost moth (shapeshifter) (Depths:3)
  A cacodemon (Gauntlet)
  19 vault wardens
  26 very ugly things
  20 ironbound preservers
  5 ironbound thunderhulks
  5 war gargoyles
  The ghost of Armakuni the Exorcist, a journeyman HuWn of the Shining One (D:13)
  Nessos (Orc:2)
  4 stone giants
  4 eleionomae
  A deep elf demonologist (Vaults:3)
  22 dire elephants
  Azrael (Orc:2)
  An entropy weaver (Vaults:4)
  A minotaur (Gauntlet)
  2 bunyips
  2 spark wasps (Depths:2)
  A crystal guardian (Vaults:2)
  A deep elf death mage (Vaults:1)
  A fire dragon (Depths:1)
  4 ettins
  3 shambling mangroves
  6 salamander tyrants (Snake:4)
  4 great orbs of eyes
  2 caustic shrike simulacra (IceCv)
  3 boulder beetles
  16 vault guards
  26 hydras
  A rakshasa (Depths:2)
  An ice dragon (shapeshifter) (Depths:2)
  Harold (D:10)
  A ghost crab (Swamp:2)
  12 naga warriors
  9 yaktaur captains
  3 ice dragons
  2 peacekeepers
  2 catoblepae (Lair:6)
  2 hell beasts (Depths:1)
  A jorogumo (shapeshifter) (Vaults:1)
  15 centaur warriors
  3 spriggan air magi
  10 ironbound frosthearts
  9 two-headed ogres
  10 anacondas
  3 death yaks (D:10)
  8 alligators
  2 tengu warriors (D:15)
  4 deep troll shamans
  3 orc high priests (Orc:2)
  2 deep troll earth magi
  A vampire mage (Depths:3)
  Urug (Lair:5)
  7 shock serpents
  19 naga sharpshooters
  2 spriggan berserkers (Depths:2)
  A soul eater (Depths:1)
  Sonja (Lair:5)
  2 iron trolls
  2 spriggan druids
  5 salamander mystics
  4 skeletal warriors
  A quicksilver dragon simulacrum (Depths:1)
  10 naga ritualists
  4 goliath frogs
  10 swamp dragons
  64 deep trolls
  19 ironbound convokers
  Pikel (D:8)
  2 flayed ghosts
  8 wizards
  6 lindwurms
  9 bog bodies
  7 orc knights
  3 harpies (Vaults:3)
  3 necromancers
  7 deep elf pyromancers
  7 manticores
  8 orc sorcerers
  An oklob plant (Lair:2)
  5 deep elf zephyrmancers
  A moth of wrath (Orc:2)
  5 cyclopes
  7 mana vipers
  27 salamanders
  14 elephants
  6 will-o-the-wisps
  28 ugly things
  A sphinx zombie (Vaults:1)
  2 ice statues (Gauntlet)
  Maurice (D:8)
  42 black mambas
  18 vault sentinels
  3 guardian serpents
  18 naga magi
  3 gargoyles
  7 rime drakes
  12 cane toads
  A freezing wraith (Vaults:2)
  Maggie (D:8)
  38 yaktaurs
  An efreet (D:15)
  An unseen horror (D:11)
  12 komodo dragons
  5 trolls
  3 tyrant leeches
  9 polar bears
  Prince Ribbit (D:7)
  15 hornets
  A hornet (shapeshifter) (D:10)
  7 blink frogs (Lair:5)
  19 slime creatures
  A stone giant simulacrum (Vaults:1)
  2 jumping spiders (Vaults:4)
  Sigmund (D:5)
  A water elemental (Depths:3)
  13 spriggans
  3 wraiths
  38 yaks
  7 wyverns
  A vampire (D:13)
  3 steam dragons (D:9)
  6 hogs (D:14)
  5 fire elementals (Orc:2)
  5 basilisks
  4 wargs
  15 vampire mosquitoes
  14 swamp worms
  Edmund (D:6)
  A human simulacrum (Vaults:1)
  37 nagas
  4 acid dragons
  17 water moccasins
  3 hell hounds (Orc:2)
  11 swamp drakes
  28 orc warriors
  5 necrophages
  8 ogres
  3 sky beasts
  11 black bears
  20 wolves
  A boggart (Vaults:1)
  2 centaurs
  A phantom (D:5)
  2 kobold brigands
  3 gnoll sergeants
  11 scorpions (Ossuary)
  11 bullfrogs
  2 water moccasin zombies (D:6)
  A water moccasin skeleton (D:4)
  3 killer bees (D:9)
  12 wights
  3 howler monkeys (D:7)
  An electric eel (Orc:1)
  3 human zombies
  A bullfrog zombie (D:6)
  3 centaur zombies
  6 jellies
  2 centaur skeletons (D:7)
  A gnoll shaman (D:5)
  A hound (D:4)
  19 orc priests
  2 bullfrog skeletons (D:4)
  2 iguanas
  6 hell rats
  18 orc wizards
  Ijyb (D:3)
  2 scorpion zombies (Ossuary)
  A killer bee zombie (D:6)
  A hound skeleton (D:4)
  6 mummies
  19 gnolls
  3 howler monkey zombies
  6 adders
  2 river rats
  2 white imps
  An adder skeleton (D:4)
  2 worms
  3 dart slugs
  50 orcs
  10 endoplasms
  4 giant cockroaches
  9 hobgoblins
  6 jackals
  6 quokkas
  10 ball pythons
  2 bats (D:1)
  A frilled lizard (D:2)
  2 gnoll zombies (Ossuary)
  9 goblins
  5 goblin zombies (Ossuary)
  2 hobgoblin zombies (Ossuary)
  15 kobolds
  A kobold zombie (Ossuary)
  An orc zombie (Ossuary)
  5 rats
  A lurking horror (Swamp:4)
1413 creatures vanquished.

Vanquished Creatures (collateral kills)
  A nagaraja (Snake:4)
  A slime creature (Vaults:1)
  An ironbound preserver (Vaults:4)
  A salamander (Snake:4)
  A vault sentinel (Vaults:1)
  A guardian serpent (Snake:4)
  An anaconda simulacrum (IceCv)
  2 wargs (Orc:2)
  A harpy simulacrum (IceCv)
  3 orc warriors (Orc:2)
  An orc priest (Orc:2)
  An orc wizard (Orc:2)
15 creatures vanquished.

Vanquished Creatures (others)
  2 wizards
  A naga (Snake:4)
  2 sky beasts (D:9)
  3 orc wizards
  4 orcs
  18 foxfires
  13 fungi
  24 plants
67 creatures vanquished.

Grand Total: 1495 creatures vanquished

Notes
Turn   | Place    | Note
-------+----------+-------------------------------------------
     0 | D:1      | Crownlay the Minotaur Berserker began the quest for the
                  | Orb.
     0 | D:1      | Reached XP level 1. HP: 19/19 MP: 0/0
   347 | D:1      | Reached XP level 2. HP: 25/27 MP: 1/1
   473 | D:1      | Reached skill level 4 in Fighting
  1019 | D:1      | Reached XP level 3. HP: 33/33 MP: 2/2
  1524 | D:2      | Reached ** piety under Trog
  1546 | D:2      | Reached skill level 5 in Polearms
  1946 | D:2      | Reached XP level 4. HP: 41/41 MP: 3/3
  2354 | D:3      | Noticed Ijyb
  2367 | D:3      | Killed Ijyb
  2685 | D:3      | Identified the +1 robe of Lifie {rPois}
  2707 | D:3      | Noticed a black bear
  2714 | D:3      | Killed a black bear
  2715 | D:3      | Reached skill level 5 in Fighting
  2715 | D:3      | Reached XP level 5. HP: 44/48 MP: 4/4
  3546 | D:4      | Reached XP level 6. HP: 46/56 MP: 5/5
  3811 | D:4      | Reached *** piety under Trog
  4018 | D:5      | Entered Level 5 of the Dungeon
  4022 | D:5      | Reached skill level 6 in Fighting
  4039 | D:5      | Reached XP level 7. HP: 45/64 MP: 6/6
  4144 | D:5      | Noticed Sigmund
  4157 | D:5      | Killed Sigmund
  4218 | D:5      | Reached skill level 7 in Fighting
  4263 | D:5      | Reached XP level 8. HP: 17/73 MP: 7/7
  4269 | D:5      | Reached skill level 10 in Polearms
  5029 | D:5      | Found a staircase to the Ecumenical Temple.
  5176 | D:6      | Reached skill level 8 in Fighting
  5177 | D:6      | Noticed Edmund
  5186 | D:6      | Killed Edmund
  5239 | D:6      | Reached skill level 1 in Throwing
  5348 | D:6      | Noticed a troll
  5357 | D:6      | Killed a troll
  5358 | D:6      | Reached skill level 1 in Evocations
  5358 | D:6      | Reached XP level 9. HP: 58/81 MP: 8/8
  5358 | D:6      | Found a sand-covered staircase.
  5367 | Ossuary  | Entered an ossuary
  5948 | Ossuary  | Identified 3 scrolls of acquirement
  6008 | D:6      | Acquired the +3 warlock's mirror {reflect}
  6008 | D:6      | Found the +3 warlock's mirror {reflect}
  6108 | D:6      | Acquired a manual of Fighting
  6110 | D:6      | Acquired the +1 pair of gloves "Dishiluh" {rC+ Will+ Dex+2}
  6192 | D:6      | Reached **** piety under Trog
  6251 | D:6      | Found a shimmering blue altar of Sif Muna.
  6363 | D:6      | Found an ancient bone altar of Kikubaaqudgha.
  6370 | D:6      | Reached skill level 5 in Throwing
  6370 | D:6      | Reached skill level 5 in Armour
  6800 | D:7      | Noticed a two-headed ogre
  6807 | D:7      | Killed a two-headed ogre
  6808 | D:7      | Reached XP level 10. HP: 88/88 MP: 9/9
  7082 | D:7      | Noticed a purple ugly thing
  7092 | D:7      | Killed a purple ugly thing
  7116 | D:7      | Reached skill level 5 in Evocations
  7242 | D:7      | Noticed Prince Ribbit
  7253 | D:7      | Killed Prince Ribbit
  7492 | D:8      | Noticed a two-headed ogre
  7501 | D:8      | Killed a two-headed ogre
  7530 | D:8      | Found a hazy altar of Hepliaklqana.
  7784 | D:8      | Noticed Maggie
  7790 | D:8      | Killed Maggie
  7791 | D:8      | Reached skill level 10 in Throwing
  7793 | D:8      | Reached ***** piety under Trog
  8071 | D:8      | Noticed Pikel
  8075 | D:8      | Noticed Maurice
  8083 | D:8      | Killed Pikel
  8084 | D:8      | Reached skill level 9 in Fighting
  8084 | D:8      | Reached skill level 1 in Shields
  8096 | D:8      | Killed Maurice
  8511 | D:9      | Reached skill level 10 in Fighting
  8511 | D:9      | Reached XP level 11. HP: 90/99 MP: 10/10
  8546 | D:9      | Reached skill level 11 in Fighting
  8681 | D:9      | Noticed a two-headed ogre
  8686 | D:9      | Killed a two-headed ogre
  8697 | D:9      | Reached skill level 12 in Fighting
  8698 | D:9      | Noticed a two-headed ogre
  8725 | D:9      | Killed a two-headed ogre
  9057 | D:9      | Found a huge runed translucent gate.
  9058 | D:9      | Found a huge runed translucent gate.
  9059 | D:9      | Found a huge runed translucent gate.
  9060 | D:9      | Found a huge runed translucent gate.
  9134 | D:9      | Reached skill level 13 in Fighting
  9256 | D:9      | Found a large runed translucent door.
  9256 | D:9      | Found a large runed translucent door.
  9691 | D:9      | Reached skill level 5 in Shields
  9986 | D:9      | Found a hide-covered altar of Uskayaw.
  9996 | D:9      | Found a sparkling altar of Nemelex Xobeh.
 10077 | D:9      | Reached skill level 14 in Fighting
 10125 | D:9      | Reached skill level 15 in Fighting
 10492 | D:10     | Entered Level 10 of the Dungeon
 10552 | D:10     | Paralysed by a hornet for 1 turns
 10768 | D:10     | Noticed Harold
 10784 | D:10     | Killed Harold
 10811 | D:10     | Reached XP level 12. HP: 115/119 MP: 11/11
 11300 | D:10     | Found an iron altar of Okawaru.
 11322 | D:10     | Found a staircase to the Orcish Mines.
 11475 | D:11     | Noticed a death yak
 11481 | D:11     | Noticed a death yak
 11481 | D:11     | Noticed a death yak
 11501 | D:10     | Killed a death yak
 11502 | D:10     | Reached skill level 10 in Shields
 11623 | D:10     | Killed a death yak
 11631 | D:10     | Killed a death yak
 11632 | D:10     | Reached skill level 16 in Fighting
 11940 | D:11     | Reached skill level 17 in Fighting
 12253 | D:11     | Found a staircase to the Lair.
 12373 | D:12     | Noticed a two-headed ogre
 12378 | D:12     | Killed a two-headed ogre
 12406 | D:12     | Identified the +10 demon blade of Dust {drain, Will+ MP+9
                  | Dex+4}
 12522 | D:12     | Reached skill level 18 in Fighting
 12522 | D:12     | Reached skill level 1 in Long Blades
 12683 | D:12     | Noticed a boulder beetle
 12715 | D:12     | Killed a boulder beetle
 12819 | D:12     | Identified the +1 ring mail of the Exiled Geomancers {rN+
                  | rCorr Dex+4}
 13093 | D:13     | Found a runed translucent door.
 13094 | D:13     | Noticed Armakuni's ghost (journeyman HuWn)
 13095 | D:13     | Identified the +8 trident "Sowkacoa" {speed, rPois rN+
                  | Dex-2}
 13126 | D:13     | Noticed a seven-headed hydra
 13184 | D:13     | Found a gate to the Vaults.
 13184 | D:13     | Noticed an ironbound preserver
 13278 | D:13     | Killed an ironbound preserver
 13349 | D:13     | Reached skill level 19 in Fighting
 13689 | D:13     | Reached skill level 5 in Long Blades
 14022 | D:13     | Noticed a two-headed ogre
 14027 | D:13     | Killed a two-headed ogre
 14028 | D:13     | Reached XP level 13. HP: 130/138 MP: 12/12
 14908 | D:13     | Reached skill level 20 in Fighting
 15118 | D:13     | Killed Armakuni's ghost
 15225 | D:14     | Found a frozen archway.
 15231 | IceCv    | Entered an ice cave
 15231 | IceCv    | Noticed a white very ugly thing
 15636 | D:14     | Noticed Kirke
 15656 | D:14     | Killed Kirke
 16423 | Lair:1   | Entered Level 1 of the Lair of Beasts
 17376 | Lair:2   | Found a basalt altar of Yredelemnul.
 17505 | Lair:2   | Reached skill level 10 in Long Blades
 17524 | Lair:2   | Found a staircase to the Swamp.
 17866 | Lair:2   | Noticed Gastronok
 17883 | Lair:2   | Killed Gastronok
 18248 | Lair:3   | Reached XP level 14. HP: 148/148 MP: 13/13
 18296 | Lair:3   | Found a broken altar of Ashenzari.
 18299 | Lair:3   | Found the amulet of the Air {Inacc Air Fly rElec RMsl}
 18389 | Lair:3   | Found a staircase to the Snake Pit.
 20249 | Lair:5   | Noticed Sonja
 20258 | Lair:5   | Killed Sonja
 20502 | Lair:5   | Noticed Urug
 20507 | Lair:5   | Killed Urug
 20508 | Lair:5   | Reached skill level 5 in Dodging
 20742 | Lair:5   | Found a runed translucent door.
 20743 | Lair:5   | Found a viscous altar of Jiyva.
 20745 | Lair:5   | Found a staircase to the Slime Pits.
 20755 | Lair:5   | Received a gift from Trog
 21191 | Lair:6   | Entered Level 6 of the Lair of Beasts
 21344 | Lair:6   | Found a gate leading to a gauntlet.
 21361 | Gauntlet | Entered a Gauntlet
 21361 | Gauntlet | Found a transporter.
 21361 | Gauntlet | Found a runed translucent gate.
 21361 | Gauntlet | Found a runed translucent gate.
 21375 | Gauntlet | Found a runed translucent gate.
 21380 | Gauntlet | Found a transporter.
 21382 | Gauntlet | Found a transporter.
 21393 | Gauntlet | Found a transporter.
 21396 | Gauntlet | Found a transporter.
 21406 | Gauntlet | Found a transporter.
 21422 | Gauntlet | Found a transporter.
 21422 | Gauntlet | Noticed a cacodemon
 21433 | Gauntlet | Found a transporter.
 21445 | Gauntlet | Found a transporter.
 21459 | Gauntlet | Found a transporter.
 21459 | Gauntlet | Found a transporter.
 21487 | Gauntlet | Found a transporter.
 21487 | Gauntlet | Found a transporter.
 21539 | Gauntlet | Found a transporter.
 21874 | Gauntlet | Killed a cacodemon
 21884 | Gauntlet | Identified the ring of Wafag {rCorr Str+5}
 21980 | Gauntlet | Identified the ring of Perfectionism {rPois Will+ Int+8
                  | Dex-3 Slay+4}
 22600 | Lair:6   | Reached XP level 15. HP: 149/155 MP: 14/14
 22906 | Orc:1    | Entered Level 1 of the Orcish Mines
 22906 | Orc:1    | You fall into a shaft and drop 1 floor!
 22906 | Orc:2    | Entered Level 2 of the Orcish Mines
 22906 | Orc:2    | Noticed Azrael
 22906 | Orc:2    | Noticed Nessos
 22921 | Orc:2    | Killed Nessos
 22934 | Orc:2    | Killed Azrael
 22935 | Orc:2    | Received a gift from Trog
 23182 | Orc:2    | Noticed an orc warlord
 23199 | Orc:2    | Killed an orc warlord
 23218 | Orc:2    | Found Hisidya's Antique Weapon Shop.
 23295 | Orc:2    | Found a transporter.
 23295 | Orc:2    | Found a transporter.
 23297 | Orc:2    | Noticed wakim's ghost (journeyman TrFi)
 23300 | Orc:2    | Found a bloodstained altar of Trog.
 23421 | Orc:2    | Found a staircase to the Elven Halls.
 23429 | Orc:2    | Noticed an orc warlord
 23452 | Orc:2    | Killed an orc warlord
 23580 | Orc:2    | Found Aboon's General Store.
 24085 | Orc:2    | Found Umne's Antique Armour Boutique.
 24086 | Orc:2    | Found Atogruech's Weapon Shoppe.
 24095 | Orc:2    | Found Hosh's Jewellery Shoppe.
 25468 | Orc:2    | Killed wakim's ghost
 25820 | D:15     | Entered Level 15 of the Dungeon
 26131 | D:15     | Found a staircase to the Depths.
 26402 | D:15     | Reached skill level 10 in Armour
 26971 | Snake:1  | Entered Level 1 of the Snake Pit
 27024 | Snake:1  | Reached XP level 16. HP: 108/162 MP: 15/15
 28445 | Snake:2  | Noticed Mlioglotl
 28456 | Snake:2  | Killed Mlioglotl
 28556 | Snake:2  | Received a gift from Trog
 30210 | Snake:3  | Noticed Vashnia
 30236 | Snake:3  | Killed Vashnia
 30738 | Snake:3  | Reached skill level 10 in Dodging
 30738 | Snake:3  | Reached XP level 17. HP: 172/172 MP: 16/16
 31335 | Snake:4  | Entered Level 4 of the Snake Pit
 31338 | Snake:4  | Received a gift from Trog
 31991 | Snake:4  | Noticed Roxanne
 32317 | Snake:4  | Noticed Aizul
 32328 | Snake:4  | Killed Aizul
 32787 | Snake:4  | Reached skill level 21 in Fighting
 34117 | Snake:4  | Got a serpentine rune of Zot
 34587 | Snake:4  | Killed Roxanne
 34716 | Swamp:1  | Entered Level 1 of the Swamp
 35707 | Swamp:2  | You fall into a shaft and drop 1 floor!
 35948 | Swamp:3  | Paralysed by a hornet for 1 turns
 36057 | Swamp:3  | Reached XP level 18. HP: 169/183 MP: 17/17
 36867 | Swamp:4  | Entered Level 4 of the Swamp
 37215 | Swamp:4  | Received a gift from Trog
 37216 | Swamp:4  | Reached skill level 10 in Evocations
 37274 | Swamp:4  | Reached skill level 22 in Fighting
 37476 | Swamp:4  | Found a one-way gate to the infinite horrors of the Abyss.
 37480 | Swamp:4  | Found a corrupted altar of Lugonu.
 38019 | Swamp:4  | Got a decaying rune of Zot
 38526 | Vaults:1 | Entered Level 1 of the Vaults
 38620 | Vaults:1 | Reached skill level 15 in Throwing
 38667 | Vaults:1 | Reached skill level 15 in Armour
 38879 | Vaults:1 | Found Dayqireca's Jewellery Boutique.
 38948 | Vaults:1 | Found Rozuuz's Assorted Antiques.
 39124 | Vaults:1 | Reached skill level 23 in Fighting
 39590 | Vaults:1 | Identified the +5 great sword "Lyfeda Fopi" {vorpal, *Noise
                  | rF+ Dex+2} (Trog gifted it to you on level 1 of the Vaults)
 39590 | Vaults:1 | Received a gift from Trog
 39936 | Vaults:1 | Reached XP level 19. HP: 161/198 MP: 18/18
 39937 | Vaults:1 | Reached skill level 24 in Fighting
 41183 | Vaults:1 | Reached skill level 25 in Fighting
 41827 | Vaults:2 | Identified the +4 spear of Kolob {spect, rPois}
 42849 | Vaults:2 | Identified the +5 quick blade "Saitikakh" {distort, rC+}
 42942 | Vaults:2 | Reached skill level 15 in Polearms
 43191 | Vaults:2 | Noticed Nikola
 43200 | Vaults:2 | Killed Nikola
 43445 | Vaults:2 | Received a gift from Trog
 43973 | Vaults:2 | Found a staircase to the Crypt.
 44298 | Vaults:3 | Reached XP level 20. HP: 190/210 MP: 19/19
 44477 | Vaults:3 | Identified the +2 buckler of Grace {Harm Rampage rN+}
 44973 | Vaults:3 | Received a gift from Trog
 45977 | Vaults:3 | Identified the +1 chain mail of the Wasteland {-Tele rN++}
 46839 | Vaults:4 | Found Rihorig's Antique Weapon Boutique.
 46923 | Vaults:4 | Received a gift from Trog
 47798 | Vaults:4 | Identified the ring "Irchag" {*Slow rPois Str+3 Int+6}
 48215 | Vaults:4 | Reached skill level 15 in Shields
 48910 | Depths:1 | Entered Level 1 of the Depths
 48925 | Depths:1 | Reached XP level 21. HP: 217/217 MP: 20/20
 49586 | Depths:1 | Found Tiurufat's General Store.
 49629 | Depths:1 | Found Wytri's Weapon Boutique.
 49631 | Depths:1 | Found Panno Yxacya's Antique Weapon Shop.
 49781 | Depths:1 | Found a one-way gate leading to the halls of Pandemonium.
 50035 | Depths:1 | Found a gateway to Hell.
 50517 | Depths:2 | Found a transporter.
 50517 | Depths:2 | Noticed a golden dragon
 50524 | Depths:2 | Killed a golden dragon
 50787 | Depths:2 | Identified the +9 falchion "Conservator" {antimagic, rElec
                  | rPois rN+ Str+7} (Trog gifted it to you on level 2 of the
                  | Depths)
 50787 | Depths:2 | Received a gift from Trog
 50914 | Depths:2 | Found a transporter.
 50935 | Depths:2 | Noticed a juggernaut
 50949 | Depths:2 | Killed a juggernaut
 51029 | Depths:2 | You fall into a shaft and drop 1 floor!
 51153 | Depths:3 | Noticed Louise
 51173 | Depths:3 | Killed Louise
 51181 | Depths:3 | Paralysed by a floating eye for 4 turns
 51202 | Depths:3 | Paralysed by a floating eye for 2 turns
 51203 | Depths:3 | HP: 1/217 [frost giant (20)]
 51203 | Depths:3 | Slain by a frost giant

Illustrated notes

Levels and vault maps discovered:
D:1:      eino_arrival_druids_welcome, layout_loops_corners, minivault_19,
          minmay_misc_feat_diagonals
D:2:      layout_basic
D:3:      layout_loops_corners, uniq_ijyb
D:4:      layout_basic
D:5:      layout_cave_pools, lemuel_temple_firewalk_b, uniq_sigmund
D:6:      layout_cave_pools, tgw_sif, lemuel_mausoleum_altar_kikubaaqudgha,
          nicolae_ossuary_entry_monument, uniq_edmund
D:7:      layout_cave_pools, serial_column_ruins, column_ruins_hut_water,
          column_ruins_open_large, column_ruins_columns_corner,
          column_ruins_grid_3, column_ruins_grid_1, column_ruins_open_small,
          column_ruins_open_tiny, uniq_prince_ribbit1
D:8:      layout_loops_corners, amcnicky_altar_gilded, uniq_maurice, uniq_pikel,
          uniq_maggie
D:9:      lemuel_bear_cage, layout_basic, jmf_multi_god_temple2,
          corexii_corridor_pit, hangedman_misty_isle
D:10:     layout_loops_ring, okawaru_gym_becter, orc_0_dummy, serial_glass,
          glass_columns_b, glass_columns_b, uniq_harold
D:11:     layout_cross, dpeg_lair_monsters
D:12:     layout_roguey, pond
D:13:     layout_loops_ring, skrybe_vaults_entry_preservation,
          ebering_ghost_funeral_grove, kennysheep_small_square
D:14:     layout_roguey, serial_park_tiny_2, portal_ice_cave_entry_pillars_2,
          uniq_kirke
D:15:     grunt_enter_depths_snipers, layout_irregular_city,
          minmay_misc_feat_rugged
Lair:1:   layout_cave_pods
Lair:2:   layout_chaotic_city, skrybe_swamp_entry_bodies, lemuel_oklob_altar,
          uniq_gastronok
Lair:3:   layout_roguey, guppyfry_snake_entry_garden, basic_altar
Lair:4:   layout_cave_pods, chequers_serial_rivers_room_a, grunt_megastairs_2,
          serial_bayou_shore_a, serial_bayou_shore_b, serial_bayou_shore_b
Lair:5:   layout_loops_ring, slime_altar_2, uniq_urug, uniq_sonja
Lair:6:   hangedman_lair_in_review, layout_misc_corridors,
          gauntlet_entry_generic
Swamp:1:  layout_basic_swamp, evilmike_swamp_ruin_house_2
Swamp:2:  layout_basic_swamp, evilmike_swamp_ruin_house_5, swamp_pool1
Swamp:3:  layout_basic_swamp, evilmike_swamp_ruin_rubble_2
Swamp:4:  swamp, layout_basic_swamp, swamp_pool2,
          amcnicky_altar_lugonu_corruption
Snake:1:  hangedman_cross_stitches, layout_rooms
Snake:2:  layout_cave_pods, special_room, grunt_megastairs_3, uniq_mlioglotl
Snake:3:  layout_honeycomb, uniq_vashnia
Snake:4:  grunt_snake_rune_pools, layout_cave_town, lemuel_fruit_tree,
          grunt_megastairs_4, uniq_aizul, uniq_roxanne
Orc:1:    layout_caves, elves_outpost_lemuel
Orc:2:    st_orc_elflike, layout_caves, gammafunk_ghost_wrathful_warriors,
          serial_shops, nicolae_shop_behind_doors, uniq_azrael, uniq_nessos
Vaults:1: vaults_mumra_bighexcomb, nicolae_vaults_network_s,
          nicolae_vaults_ring_of_whatevers, vaults_room_grid,
          nicolae_vaults_diagonal_hallway_7, ontoclasm_vaults_chip, v_pattern_1,
          vaults_room_ringed_pool, nicolae_vaults_border_crossing,
          dpeg_vaults_monster_row, vaults_mumra_minichess,
          nicolae_vaults_gold_heap, nicolae_vaults_circle_grid_b,
          nicolae_vaults_little_squares_4, ontoclasm_vaults_pinch,
          layout_vaults_omnicross, serial_shops, shop, nicolae_shop_behind_doors
Vaults:2: nicolae_vaults_c_with_doors, hangedman_vaults_cutoff,
          ontoclasm_vaults_ring_square, v_misc_30, nicolae_vaults_rhombus_5,
          v_misc_22, hangedman_vaults_stretched_pinwheel,
          hangedman_vaults_slice, minmay_crypt_entry_simple_box,
          layout_vaults_chaotic_city, uniq_nikola
Vaults:3: vaults_room_pool, vaults_room_stairs_pillars,
          ontoclasm_vaults_gateway, grunt_vaults_bifocal, st_more_cells,
          nicolae_vaults_little_squares_1, vaults_standard_mumra_x,
          hangedman_vaults_impose, ontoclasm_vaults_chip, vaults_mumra_hex,
          grunt_vaults_diagonal, serial_ice_h, layout_vaults_omnigrid
Vaults:4: hangedman_vaults_locks, vaults_room_grunt_arrival_checkpoint,
          vaults_standard_mumra_lines, v_pattern_4, ontoclasm_vaults_ligature,
          vaults_room_stairs_pillars, nicolae_vaults_angled_halls,
          grunt_vaults_funnel, grunt_vaults_hallway_short,
          ontoclasm_vaults_decontamination, hangedman_vaults_impose,
          hangedman_vaults_stretched_pinwheel, vaults_room_fours,
          ontoclasm_vaults_loading_screen, layout_vaults_ring, serial_shops,
          nicolae_shop_crystal
Depths:1: layout_basic, grunt_mini_vestibule, abyss_entry,
          hangedman_decor_lopped, pan_entry, kennysheep_generic_room_7,
          minmay_shop_star
Depths:2: hangedman_spin_cycle, hell_entry, pan_entry
Depths:3: minmay_the_grid_octo_2x2 [minmay_the_grid_octo_concentric,
          minmay_the_grid_octo_tetromino_candy, minmay_the_grid_octo_fan_narrow,
          minmay_the_grid_octo_prize_big_c], layout_gridlike, hell_entry,
          nicolae_abyss_entry_one_way_or_another, serial_bayou_pond_c,
          infiniplex_staircase_door_maze

Skill      XL: |  1  2  3  4  5  6  7  8  9 10 11 12 13 14 15 16 17 18 19 20 21 |
---------------+----------------------------------------------------------------+-----
Polearms       | 4 5 6 7 8 9 12 14 15 17 19 | 19.1
Fighting       | 4 5 6 7 8 10 15 19 20 21 23 25 | 25.0
Throwing       | 2 6 10 11 12 14 15 | 15.0
Armour         | 3 5 8 10 11 13 15 17 20 | 20.0
Evocations     | 1 4 5 6 7 9 10 | 10.0
Shields        | 2 9 10 11 13 14 15 | 15.0
Long Blades    | 5 10 11 13 14 | 14.0
Dodging        | 3 6 8 10 11 13 | 13.8

Action                   |  1- 3 |  4- 6 |  7- 9 | 10-12 | 13-15 | 16-18 | 19-21 || total
-------------------------+-------+-------+-------+-------+-------+-------+-------++-------
Melee: Spear             |   136 |   140 |   120 |    29 |    90 |       |       ||   515
       Headbutt          |    14 |    23 |    61 |   131 |   231 |   260 |   470 ||  1190
       Punch             |       |     4 |       |       |       |       |       ||     4
       Halberd           |       |       |   172 |       |       |       |       ||   172
       Trident           |       |       |       |   575 |  1035 |  1273 |  1614 ||  4497
Throw: Boomerang         |       |     1 |    39 |   135 |   169 |   241 |     1 ||   586
       Javelin           |       |       |       |       |    10 |   115 |     6 ||   131
       Dart              |       |       |       |       |       |     2 |       ||     2
       Throwing net      |       |       |       |       |       |     1 |     3 ||     4
Invok: Trog's Hand       |       |     1 |     3 |    15 |    20 |    24 |    21 ||    84
       Berserk           |       |     1 |     2 |     5 |    10 |    11 |    15 ||    44
       Brothers in Arms  |       |       |       |       |     6 |     3 |     2 ||    11
Evoke: Wand              |       |       |       |       |     3 |     1 |     2 ||     6
  Use: Scroll            |       |       |    13 |    11 |    16 |     5 |     6 ||    51
       Potion            |       |       |       |       |     4 |       |     2 ||     6
 Stab: Distracted        |       |       |       |       |     2 |       |       ||     2
       Paralysed         |       |       |       |       |     1 |       |       ||     1
       Held in net/web   |       |       |       |       |       |       |     2 ||     2
Armor: Animal skin       |     6 |       |       |       |       |       |       ||     6
       Ring mail         |    25 |    24 |    43 |   111 |   150 |       |       ||   353
       Plate armour      |       |       |       |       |    70 |   330 |   359 ||   759
       Gold dragon scale |       |       |       |       |       |       |    65 ||    65
Dodge: Dodged            |    49 |    34 |    71 |   169 |   208 |   235 |   292 ||  1058
Block: Other             |       |    18 |    30 |       |       |       |       ||    48
       Reflection        |       |     1 |     1 |     7 |    27 |    52 |    57 ||   145
       Buckler           |       |       |    25 |   150 |   270 |   277 |   318 ||  1040

Table legend: (Time is in decaauts)
 A = Elapsed time spent in this place.
 B = Non-inter-level travel time spent in this place.
 C = Inter-level travel time spent in this place.
 D = Time resting spent in this place.
 E = Time spent auto-exploring this place.
 F = Levels seen in this place.
 G = Mean time per level.
                   A        B        C        D        E       F      G
               +--------+--------+--------+--------+--------+-----+--------+
         Total |  50699 |  48196 |   2503 |   1602 |  38866 |  41 | 1236.6 |
       Dungeon |  17184 |  15909 |   1275 |      0 |  13371 |  15 | 1145.6 |
          Lair |   6032 |   5615 |    417 |      0 |   4892 |   6 | 1005.3 |
         Swamp |   3750 |   3603 |    147 |      2 |   3011 |   4 |  937.5 |
     Snake Pit |   7678 |   7520 |    158 |    964 |   5625 |   4 | 1919.5 |
  Orcish Mines |   2664 |   2469 |    195 |    212 |   1648 |   2 | 1332.0 |
        Vaults |   9874 |   9604 |    270 |    424 |   7631 |   4 | 2468.5 |
        Depths |   2230 |   2193 |     37 |      0 |   1856 |   3 |  743.3 |
       Ossuary |    631 |    631 |      0 |      0 |    443 |   1 |  631.0 |
      Ice Cave |      9 |      9 |      0 |      0 |      0 |   1 |    9.0 |
      Gauntlet |    643 |    643 |      0 |      0 |    386 |   1 |  643.0 |
               +--------+--------+--------+--------+--------+-----+--------+

Top non-repeatable levels by time:
Vaults:1: 3196 daAuts
 Snake:4: 3017 daAuts
Vaults:2: 2374 daAuts
    D:13: 2304 daAuts
Vaults:4: 2289 daAuts
   Orc:2: 2070 daAuts
Vaults:3: 2014 daAuts
     D:9: 1957 daAuts
 Snake:3: 1774 daAuts
 Snake:2: 1677 daAuts
Depths:1: 1496 daAuts
     D:1: 1397 daAuts
 Swamp:4: 1323 daAuts
    D:10: 1251 daAuts
    D:14: 1219 daAuts
